 Dungeon Crawl Stone Soup version 0.21.1-1-g345015f (webtiles) character file.

8453 empire the Carver (level 11, -10/84 HPs)
             Began as a Minotaur Fighter on June 3, 2018.
             Was an Elder of Cheibriados.
             Mangled by a polar bear (21 damage)
             ... on level 8 of the Dungeon.
             The game lasted 00:18:31 (7002 turns).

empire the Carver (Minotaur Fighter)                Turns: 7002, Time: 00:18:32

Health: -10/84     AC: 16    Str: 32    XL:     11   Next: 10%
Magic:  15/15      EV: 14    Int: 14    God:    Cheibriados [****..]
Gold:   390        SH: 11    Dex: 20    Spells: 10/10 levels left

rFire    . . .     SeeInvis .   a - +1 scimitar
rCold    + . .     Gourm    .   c - +0 shield
rNeg     . . .     Faith    .   F - +0 chain mail {rC+}
rPois    .         Spirit   .   (helmet restricted)
rElec    .         Reflect  .   D - +0 cloak
rCorr    .         Harm     .   h - +0 pair of gloves
MR       .....                  N - +0 pair of boots
Stlth    ..........             (no amulet)
HPRegen  0.24/turn              (no ring)
MPRegen  0.14/turn              (no ring)

@: barbed spikes, very slow
A: retaliatory headbutt, horns 2
a: Bend Time, Temporal Distortion, Slouch, Renounce Religion


You were on level 8 of the Dungeon.
You worshipped Cheibriados.
Cheibriados was greatly pleased with you.
You were hungry.

You visited 2 branches of the dungeon, and saw 9 of its levels.

You collected 390 gold pieces.

Inventory:

Hand Weapons
 a - a +1 scimitar (weapon)
 b - a cursed +3 dire flail
 d - a cursed +3 war axe
 C - a +2 trident of piercing
 E - a +3 quarterstaff of chaos
 S - a cursed +4 flail
 T - a +6 mace
Armour
 c - a +0 shield (worn)
 h - a +0 pair of gloves (worn)
 D - a +0 cloak (worn)
 F - a +0 chain mail of cold resistance (worn)
 K - a +4 ring mail
 M - a +1 plate armour of cold resistance
 N - a +0 pair of boots (worn)
Magical Staves
 P - an uncursed staff of wizardry
Jewellery
 e - an uncursed ring of protection from cold {unknown}
 q - a +1 ring of protection {unknown}
 y - an uncursed amulet of rage
 I - an uncursed ring of ice {unknown}
 L - an uncursed ring of see invisible {unknown}
Wands
 n - a wand of flame (40)
 R - a wand of iceblast (2)
Scrolls
 i - 2 scrolls of enchant weapon
 m - a scroll of teleportation
 t - a scroll of immolation
 u - 4 scrolls of enchant armour {unknown}
 x - 3 scrolls of remove curse {unknown}
 B - 2 scrolls of magic mapping {unknown}
Potions
 g - 3 potions of curing
 k - a potion of ambrosia
 l - a potion of lignification {unknown}
 o - 2 potions of might
 p - a potion of resistance
 r - a potion of cancellation
 v - 2 potions of haste
 w - a potion of berserk rage
 z - 2 potions of mutation
 A - 2 potions of brilliance
 H - a potion of magic
 J - a potion of agility
Books
 j - a book of Cantrips

   Spells                             Type                      Level
   a - Confusing Touch                Hexes                        1
   b - Animate Skeleton               Necromancy                   1
   c - Summon Small Mammal            Summoning                    1
   d - Apportation                    Translocation                1
 G - a book of Maledictions

   Spells                             Type                      Level
   a - Corona                         Hexes                        1
   b - Ensorcelled Hibernation        Hexes/Ice                    2
   c - Confuse                        Hexes                        3
   d - Tukima's Dance                 Hexes                        3
   e - Dazzling Spray                 Conjuration/Hexes            3
Comestibles
 f - 9 rations


   Skills:
 - Level 4.0 Fighting
 - Level 10.1 Long Blades
 - Level 10.1 Armour
 - Level 10.0 Dodging
 - Level 4.0 Shields
 + Level 7.5 Invocations
 + Level 4.1 Evocations


You had 10 spell levels left.
You didn't know any spells.

Dungeon Overview and Level Annotations

Branches:
Dungeon (8/15)             Temple (1/1) D:4            Lair (0/6) D:8

Altars:
Ashenzari
Cheibriados
Dithmenos
Elyvilon
Fedhas
Hepliaklqana
Kikubaaqudgha
Makhleb
Nemelex Xobeh
Okawaru
Qazlal
Ru
Sif Muna
Trog
Uskayaw
Vehumet
Wu Jian
Xom
Yredelemnul
Zin


Innate Abilities, Weirdness & Mutations

You reflexively headbutt those who attack you in melee.
You have a pair of horns on your head.


Message History

The polar bear is heavily wounded.
The polar bear barely misses you. You furiously retaliate!
You headbutt the polar bear, but do no damage.
The polar bear claws you but does no damage.
You block the polar bear's attack.
You slash the polar bear!
The polar bear is severely wounded.
The polar bear bites you. You block the polar bear's attack.
The polar bear claws you but does no damage.
You hit the polar bear.
The polar bear is severely wounded.
The polar bear goes berserk!
You slash the polar bear!
The polar bear is almost dead.
The polar bear bites you!!
* * * LOW HITPOINT WARNING * * *
You block the polar bear's attack.
The polar bear claws you but does no damage.
The polar bear bites you!!
You die...

#.#.# #....hh..# # #.#.#
#.h..h..?# # #.#.# #HhHHh...# #
#.#.# ####hh''#### # #.#.#
##..h.hh....######## #.#.#
#...Y........#...... #.#.#
#..H.h..............
#.#.###h############......
#.#....Hh@................
###.##################......
#.........................(.
#####.#.#################.......
#.........# ###.#.#.'.......
#.........# #ยง#.#.#.#.......
#.........# ##'#.#.'...)..[..
#.........# #......#.........
#.........# #..#.#.#.#.......


You could see a polar bear (berserk), a hippogriff and a black bear.

Vanquished Creatures
  A two-headed ogre (D:8)
  A death yak (D:8)
  The ghost of empire the Carver, a novice MiFi of Cheibriados (D:8)
  2 manticores (D:8)
  Joseph (D:8)
  Maurice (D:8)
  3 polar bears (D:8)
  2 hippogriffs (D:8)
  Sigmund (D:5)
  A spriggan (D:8)
  2 yaks (D:8)
  A hog (D:8)
  3 sky beasts
  2 orc warriors
  2 black bears (D:8)
  A necrophage (D:7)
  4 phantoms
  An ogre (D:6)
  A centaur (D:5)
  2 crocodiles (D:8)
  7 bullfrogs
  A wyvern zombie (D:7)
  2 scorpions (D:6)
  10 wights
  3 crimson imps
  3 hounds
  Crazy Yiuf (D:5)
  An orc priest (D:7)
  A bullfrog skeleton (D:5)
  A centaur skeleton (D:7)
  9 orc wizards
  3 iguanas
  4 worker ants
  A hound zombie (D:5)
  A worker ant zombie (D:7)
  Robin (D:3)
  6 gnolls
  A howler monkey skeleton (D:4)
  8 adders
  An ooze (D:5)
  2 adder skeletons (D:4)
  3 worms
  2 dart slugs
  4 leopard geckos
  28 orcs
  2 giant cockroaches
  17 goblins
  15 hobgoblins
  7 jackals
  6 kobolds
  5 quokkas
  3 ball pythons
  6 bats
  8 frilled lizards
  2 rats
  2 plants
210 creatures vanquished.

Vanquished Creatures (others)
  20 fungi (D:8)
  5 plants (D:8)
25 creatures vanquished.

Grand Total: 235 creatures vanquished

Notes
Turn   | Place    | Note
-------+----------+-------------------------------------------
     0 | D:1      | empire the Minotaur Fighter began the quest for the Orb.
     0 | D:1      | Reached XP level 1. HP: 19/19 MP: 0/0
    99 | D:1      | Reached XP level 2. HP: 10/27 MP: 1/1
   510 | D:1      | Reached skill level 1 in Dodging
   914 | D:2      | Reached XP level 3. HP: 33/33 MP: 2/2
   922 | D:2      | Found a basalt altar of Yredelemnul.
   941 | D:2      | Found a blossoming altar of Fedhas.
   991 | D:2      | Found a shattered altar of Ashenzari.
  1572 | D:3      | Found a shimmering altar of Xom.
  1587 | D:3      | Reached XP level 4. HP: 36/40 MP: 3/3
  2254 | D:3      | Noticed Robin
  2258 | D:3      | Reached XP level 5. HP: 46/46 MP: 4/4
  2261 | D:3      | Killed Robin
  2416 | D:4      | Reached skill level 5 in Long Blades
  2467 | D:4      | Noticed a phantom
  2532 | D:4      | Killed a phantom
  2532 | D:4      | Reached XP level 6. HP: 28/52 MP: 5/5
  2715 | D:4      | Found a staircase to the Ecumenical Temple.
  2755 | Temple   | Entered the Ecumenical Temple
  3058 | Temple   | Became a worshipper of Cheibriados the Contemplative
  3334 | D:5      | Entered Level 5 of the Dungeon
  3362 | D:5      | Found a sparkling altar of Nemelex Xobeh.
  3425 | D:5      | Reached XP level 7. HP: 45/59 MP: 6/6
  3462 | D:5      | Noticed Sigmund
  3477 | D:5      | Killed Sigmund
  3482 | D:5      | Found an iron altar of Okawaru.
  3483 | D:5      | Found a shadowy altar of Dithmenos.
  3483 | D:5      | Found a burning altar of Makhleb.
  3519 | D:5      | Found a hide-covered altar of Uskayaw.
  3559 | D:5      | Found a deep blue altar of Sif Muna.
  3590 | D:5      | Found an ornate altar of the Wu Jian Council.
  3591 | D:5      | Found a radiant altar of Vehumet.
  3669 | D:5      | Found a white marble altar of Elyvilon.
  3718 | D:5      | Reached * piety under Cheibriados
  3771 | D:5      | Found a runed door.
  3903 | D:5      | Noticed Crazy Yiuf
  3909 | D:5      | Killed Crazy Yiuf
  3988 | D:6      | Found an iron altar of Okawaru.
  4205 | D:6      | Reached XP level 8. HP: 59/66 MP: 7/7
  4209 | D:6      | Reached skill level 5 in Armour
  4220 | D:6      | Reached skill level 10 in Long Blades
  5064 | D:7      | Reached ** piety under Cheibriados
  5214 | D:7      | Reached XP level 9. HP: 71/71 MP: 8/8
  5388 | D:7      | Reached skill level 10 in Armour
  5626 | D:7      | Reached skill level 1 in Invocations
  5902 | D:8      | Reached *** piety under Cheibriados
  5907 | D:8      | Noticed a two-headed ogre
  5911 | D:8      | Noticed Joseph
  5920 | D:8      | Killed a two-headed ogre
  5956 | D:8      | Killed Joseph
  6206 | D:8      | Noticed Maurice
  6220 | D:8      | Found a staircase to the Lair.
  6226 | D:8      | Noticed empire's ghost (novice MiFi)
  6226 | D:8      | Reached XP level 10. HP: 78/78 MP: 12/12
  6238 | D:8      | Killed empire's ghost
  6238 | D:8      | Reached skill level 5 in Invocations
  6315 | D:8      | Found a shadowy altar of Dithmenos.
  6458 | D:8      | Killed Maurice
  6505 | D:8      | Reached **** piety under Cheibriados
  6540 | D:8      | Found a huge runed gate.
  6540 | D:8      | Found a huge runed gate.
  6541 | D:8      | Noticed a manticore
  6541 | D:8      | Found a huge runed gate.
  6541 | D:8      | Noticed a death yak
  6542 | D:8      | Found a huge runed gate.
  6544 | D:8      | Noticed a manticore
  6651 | D:8      | Reached skill level 10 in Dodging
  6958 | D:8      | Killed a manticore
  6958 | D:8      | Reached skill level 1 in Evocations
  6969 | D:8      | Killed a manticore
  6976 | D:8      | Killed a death yak
  6980 | D:8      | Reached XP level 11. HP: 49/84 MP: 15/15
  7002 | D:8      | Mangled by a polar bear

Skill      XL: |  1  2  3  4  5  6  7  8  9 10 11 |
---------------+----------------------------------+-----
Dodging        | 1 2 3 4 8 10 | 10.0
Fighting       | 4 |  4.0
Shields        | 4 |  4.0
Long Blades    | 3 4 6 7 9 10 | 10.1
Armour         | 4 9 10 | 10.1
Invocations    | 4 7 |  7.5
Evocations     | 3 4 |  4.1

Action                   |  1- 3 |  4- 6 |  7- 9 | 10-12 || total
-------------------------+-------+-------+-------+-------++-------
Melee: Long sword        |   100 |   154 |   168 |       ||   422
       Headbutt          |    19 |    25 |    90 |    44 ||   178
       Scimitar          |       |       |   133 |    88 ||   221
Evoke: Wand              |       |       |       |     1 ||     1
  Use: Potion            |       |     2 |       |     1 ||     3
       Scroll            |       |       |     6 |    11 ||    17
  Eat: Chunk             |     1 |     8 |     5 |     1 ||    15
Armor: Scale mail        |    39 |    54 |    60 |       ||   153
       Chain mail        |       |       |    40 |    70 ||   110
Dodge: Dodged            |    32 |    57 |   108 |    69 ||   266
Block: Shield            |    44 |    87 |   131 |    66 ||   328
       Rpst.: Long sword |    12 |    14 |    14 |       ||    40
       Scimitar          |       |       |    13 |    15 ||    28
